| TOP OF THE 1ST |
|
Quad Cities Angels batting - Pitching for Wisconsin Rapids Timber Rattlers : RHP Thomas Banducci
|
|
Pitching: RHP Thomas Banducci
|
|
|
Batting: RHB Rolando Roomes
|
0-0: SINGLE (Line Drive, 9S, EV 106.3 MPH)
|
|
Batting: RHB Oscar Mejia
|
0-0: Ball 1-0: Grounds into double play, 4-6-3 (Groundball, 34, EV 81.3 MPH)
|
|
Batting: RHB Dionisio DeJesus
|
0-0: Ball 1-0: Ball 2-0: Foul Ball, location: 2F 2-1: Reached on error, E4 (Groundball, 4, EV 101.9 MPH)
|
|
Batting: LHB Chuck Sandberg
|
0-0: Ball 1-0: Called Strike 1-1: Ball 2-1: DOUBLE (Flyball, 89XD, EV 94.4 MPH) Dionisio DeJesus to third Runner from 3rd tries for Home, SAFE, no throw by RF
|
|
Batting: RHB Stewart Bringhurst
|
0-0: Ball 1-0: Called Strike 1-1: Ball 2-1: Ball 3-1: Ground out 6-3 (Groundball, 6, EV 77.5 MPH)
|
| Top of the 1st over - 1 run, 2 hits, 1 error, 1 left on base; Quad Cities 1 - Wisconsin Rapids 0 |
| BOTTOM OF THE 1ST |
|
Wisconsin Rapids Timber Rattlers batting - Pitching for Quad Cities Angels : LHP Michael Tulacz
|
|
Pitching: LHP Michael Tulacz
|
|
|
Batting: RHB Tom Howser
|
0-0: Foul Ball, location: 2F 0-1: Ground out 6-3 (Groundball, 6M, EV 108.1 MPH)
|
|
Batting: RHB Charles Stafford
|
0-0: Ball 1-0: Ball 2-0: Foul Ball, location: 2F 2-1: Foul Ball, location: 2F 2-2: Fly out, F8 (Flyball, 8RD, EV 101.9 MPH)
|
|
Batting: RHB Justin Andrews
|
0-0: Called Strike 0-1: Foul Ball, location: 2F 0-2: Ground out 5-3 (Groundball, 56, EV 103.1 MPH)
|
| Bottom of the 1st over - 0 runs, 0 hits, 0 errors, 0 left on base; Quad Cities 1 - Wisconsin Rapids 0 |
| TOP OF THE 2ND |
|
Quad Cities Angels batting - Pitching for Wisconsin Rapids Timber Rattlers : RHP Thomas Banducci
|
|
Batting: RHB Greg Griffin
|
0-0: Called Strike 0-1: Ball 1-1: Ball 2-1: Ball 3-1: Base on Balls
|
|
Batting: RHB Craig Walck
|
0-0: Ball 1-0: Called Strike 1-1: Grounds into double play, 6-4-3 (Groundball, 56, EV 85.6 MPH)
|
|
Batting: RHB Carlos Rios
|
0-0: Ball 1-0: Ball 2-0: Ball 3-0: Called Strike 3-1: Fly out, F6 (Popup, P, EV 80.0 MPH)
|
| Top of the 2nd over - 0 runs, 0 hits, 0 errors, 0 left on base; Quad Cities 1 - Wisconsin Rapids 0 |
| BOTTOM OF THE 2ND |
|
Wisconsin Rapids Timber Rattlers batting - Pitching for Quad Cities Angels : LHP Michael Tulacz
|
|
Batting: RHB Mitchell Cipolla
|
0-0: Called Strike 0-1: Foul Ball, location: 2F 0-2: Fly out, F9 (Flyball, 9S, EV 96.9 MPH)
|
|
Batting: LHB Jerry George
|
0-0: Ball 1-0: Ball 2-0: Called Strike 2-1: Foul Ball, location: 2F 2-2: Ball 3-2: Foul Ball, location: 2F 3-2: Strikes out swinging
|
|
Batting: LHB Greg Smith
|
0-0: Ball 1-0: Called Strike 1-1: Ground out 4-3 (Groundball, 4S, EV 88.8 MPH)
|
| Bottom of the 2nd over - 0 runs, 0 hits, 0 errors, 0 left on base; Quad Cities 1 - Wisconsin Rapids 0 |
| TOP OF THE 3RD |
|
Quad Cities Angels batting - Pitching for Wisconsin Rapids Timber Rattlers : RHP Thomas Banducci
|
|
Batting: RHB Lance Ediger
|
0-0: Called Strike 0-1: Ground out 6-3 (Groundball, 6, EV 80.6 MPH)
|
|
Batting: RHB Rolando Roomes
|
0-0: Fly out, F9 (Flyball, 9LS, EV 89.4 MPH)
|
|
Batting: RHB Oscar Mejia
|
0-0: Called Strike 0-1: SINGLE (Groundball, 23, EV 75.0 MPH) (infield hit)
|
|
Batting: RHB Dionisio DeJesus
|
0-0: Ball 1-0: DOUBLE (Line Drive, 5D, EV 109.4 MPH) Oscar Mejia to third
|
|
Batting: LHB Chuck Sandberg
|
0-0: Called Strike 0-1: Foul Ball, location: 2F 0-2: Ball 1-2: Ball 2-2: Foul Ball, location: 2F 2-2: Strikes out looking
|
| Top of the 3rd over - 0 runs, 2 hits, 0 errors, 2 left on base; Quad Cities 1 - Wisconsin Rapids 0 |
| BOTTOM OF THE 3RD |
|
Wisconsin Rapids Timber Rattlers batting - Pitching for Quad Cities Angels : LHP Michael Tulacz
|
|
Batting: LHB Jeff Kenaga
|
0-0: DOUBLE (Line Drive, 8LXD, EV 106.3 MPH)
|
|
Batting: LHB Jimmy Hickman
|
0-0: Ball 1-0: Foul Ball, location: 2F 1-1: Ball 2-1: Swinging Strike 2-2: Ball 3-2: Strikes out swinging
|
|
Batting: LHB Bruce Fournier
|
0-0: DOUBLE (Flyball, 89D, EV 85.6 MPH) Jeff Kenaga scores
|
|
Batting: RHB Tom Howser
|
0-0: Ball 1-0: Foul Ball, location: 2F 1-1: Foul Ball, location: 2F 1-2: Foul Ball, location: 2F 1-2: Foul Ball, location: 2F 1-2: Foul Ball, location: 2F 1-2: Ball 2-2: Foul Ball, location: 2F 2-2: Ball 3-2: Base on Balls
|
|
Batting: RHB Charles Stafford
|
0-0: Called Strike 0-1: Called Strike Bruce Fournier steals 3rd base Tom Howser to second 0-2: SINGLE (Groundball, 34D, EV 96.9 MPH) Bruce Fournier scores Tom Howser to third Runner from 3rd tries for Home, SAFE, throw by RF to home Charles Stafford to second
|
|
Now in RF: Matteo Allucingoli
|
|
|
Batting: RHB Justin Andrews
|
0-0: Ball 1-0: Ball 2-0: SINGLE (Line Drive, 89S, EV 106.3 MPH) Charles Stafford to third Runner from 3rd tries for Home, SAFE, throw by RF to home
|
|
Batting: RHB Mitchell Cipolla
|
0-0: Called Strike 0-1: Foul Ball, location: 2F 0-2: Ball 1-2: Ball 2-2: Foul Ball, location: 2F 2-2: Ball 3-2: SINGLE (Groundball, 56D, EV 97.5 MPH) Justin Andrews to second
|
|
Batting: LHB Jerry George
|
0-0: Grounds into double play, 6-4-3 (Groundball, 6, EV 90.0 MPH)
|
| Bottom of the 3rd over - 4 runs, 5 hits, 0 errors, 1 left on base; Quad Cities 1 - Wisconsin Rapids 4 |
| TOP OF THE 4TH |
|
Quad Cities Angels batting - Pitching for Wisconsin Rapids Timber Rattlers : RHP Thomas Banducci
|
|
Batting: RHB Stewart Bringhurst
|
0-0: Called Strike 0-1: Ball 1-1: Ball 2-1: Ball 3-1: Base on Balls
|
|
Batting: LHB Matteo Allucingoli
|
0-0: Called Strike 0-1: Fielders Choice at 2nd, 5-4 (Groundball, 5L, EV 88.8 MPH)
|
|
Batting: RHB Craig Walck
|
0-0: Ball 1-0: Fielders Choice at 2nd, 3-6 (Groundball, 34S, EV 81.9 MPH)
|
|
Batting: RHB Carlos Rios
|
0-0: Ball 1-0: Ground out 5-3 (Groundball, 56S, EV 74.4 MPH)
|
| Top of the 4th over - 0 runs, 0 hits, 0 errors, 1 left on base; Quad Cities 1 - Wisconsin Rapids 4 |
| BOTTOM OF THE 4TH |
|
Wisconsin Rapids Timber Rattlers batting - Pitching for Quad Cities Angels : LHP Michael Tulacz
|
|
Batting: LHB Greg Smith
|
0-0: Fly out, F7 (Line Drive, 7, EV 85.6 MPH)
|
|
Batting: LHB Jeff Kenaga
|
0-0: Swinging Strike 0-1: Ball 1-1: Foul Ball, location: 2F 1-2: Strikes out swinging
|
|
Batting: LHB Jimmy Hickman
|
0-0: Ball 1-0: Fly out, F9 (Line Drive, 9, EV 108.8 MPH)
|
| Bottom of the 4th over - 0 runs, 0 hits, 0 errors, 0 left on base; Quad Cities 1 - Wisconsin Rapids 4 |
| TOP OF THE 5TH |
|
Quad Cities Angels batting - Pitching for Wisconsin Rapids Timber Rattlers : RHP Thomas Banducci
|
|
Batting: RHB Lance Ediger
|
0-0: Reached via error on a dropped throw from 1B, E1 (Groundball, 34S, EV 87.5 MPH)
|
|
Batting: RHB Rolando Roomes
|
0-0: Called Strike 0-1: Ball 1-1: Ball 2-1: Fly out, F7 (Flyball, 78M, EV 92.5 MPH)
|
|
Batting: RHB Oscar Mejia
|
0-0: Ball 1-0: SINGLE (Line Drive, 89M, EV 96.9 MPH) Lance Ediger to second Runner from 2nd tries for 3rd, SAFE, throw by RF made to third
|
|
Batting: RHB Dionisio DeJesus
|
0-0: Ball 1-0: Called Strike 1-1: Foul Ball, location: 2F 1-2: Strikes out swinging
|
|
Batting: LHB Chuck Sandberg
|
0-0: Foul Ball, location: 2F 0-1: Ball 1-1: Foul Ball, location: 2F 1-2: Ground out 6-3 (Groundball, 6S, EV 78.8 MPH)
|
| Top of the 5th over - 0 runs, 1 hit, 1 error, 2 left on base; Quad Cities 1 - Wisconsin Rapids 4 |
| BOTTOM OF THE 5TH |
|
Wisconsin Rapids Timber Rattlers batting - Pitching for Quad Cities Angels : LHP Michael Tulacz
|
|
Batting: LHB Bruce Fournier
|
0-0: SINGLE (Groundball, 23, EV 69.4 MPH) (infield hit)
|
|
Batting: RHB Tom Howser
|
0-0: Ball 1-0: Foul Ball, location: 2F 1-1: Foul Ball, location: 2F 1-2: Ball 2-2: Foul Ball, location: 2F 2-2: Grounds into double play, 4-6-3 (Groundball, 34, EV 93.8 MPH)
|
|
Batting: RHB Charles Stafford
|
0-0: Ball 1-0: Foul Ball, location: 2F 1-1: Ball 2-1: Ball 3-1: Base on Balls
|
|
Batting: RHB Justin Andrews
|
0-0: Called Strike 0-1: Ball 1-1: Ball 2-1: Fly out, F3 (Popup, 23F, EV 90.0 MPH)
|
| Bottom of the 5th over - 0 runs, 1 hit, 0 errors, 1 left on base; Quad Cities 1 - Wisconsin Rapids 4 |
| TOP OF THE 6TH |
|
Quad Cities Angels batting - Pitching for Wisconsin Rapids Timber Rattlers : RHP Thomas Banducci
|
|
Pitching: LHP Scott Bailes
|
|
|
Batting: RHB Stewart Bringhurst
|
0-0: Ball 1-0: Called Strike 1-1: Foul Ball, location: 2F 1-2: Foul Ball, location: 2F 1-2: Ground out 4-3 (Groundball, 34, EV 108.1 MPH)
|
|
Batting: LHB Matteo Allucingoli
|
0-0: Ball 1-0: Foul Ball, location: 2F 1-1: Ball 2-1: Foul Ball, location: 2F 2-2: Fly out, F7 (Line Drive, 7, EV 93.8 MPH)
|
|
Batting: RHB Craig Walck
|
0-0: DOUBLE (Line Drive, 78D, EV 108.8 MPH)
|
|
Batting: RHB Carlos Rios
|
0-0: Called Strike 0-1: SINGLE (Groundball, 56, EV 100.6 MPH) (infield hit) Craig Walck to third
|
|
Batting: RHB Lance Ediger
|
0-0: Called Strike 0-1: Fly out, F8 (Flyball, 8RD, EV 96.9 MPH)
|
| Top of the 6th over - 0 runs, 2 hits, 0 errors, 2 left on base; Quad Cities 1 - Wisconsin Rapids 4 |
| BOTTOM OF THE 6TH |
|
Wisconsin Rapids Timber Rattlers batting - Pitching for Quad Cities Angels : LHP Michael Tulacz
|
|
Batting: RHB Mitchell Cipolla
|
0-0: Ball 1-0: Ball 2-0: Called Strike 2-1: Foul Ball, location: 2F 2-2: Ball 3-2: Fly out, F7 (Flyball, 7, EV 86.9 MPH)
|
|
Batting: LHB Jerry George
|
0-0: Ball 1-0: Called Strike 1-1: Ground out U3 (Groundball, 34, EV 80.6 MPH)
|
|
Batting: LHB Greg Smith
|
0-0: Called Strike 0-1: Ball 1-1: Called Strike 1-2: Ball 2-2: Fly out, F8 (Flyball, 8RM, EV 90.6 MPH)
|
| Bottom of the 6th over - 0 runs, 0 hits, 0 errors, 0 left on base; Quad Cities 1 - Wisconsin Rapids 4 |
| TOP OF THE 7TH |
|
Quad Cities Angels batting - Pitching for Wisconsin Rapids Timber Rattlers : LHP Scott Bailes
|
|
Batting: RHB Rolando Roomes
|
0-0: Foul Ball, location: 2F 0-1: Ball 1-1: Swinging Strike 1-2: Ball 2-2: Ground out 6-3 (Groundball, 6, EV 88.8 MPH)
|
|
Batting: RHB Oscar Mejia
|
0-0: Ball 1-0: Ball 2-0: Ball 3-0: Called Strike 3-1: Base on Balls
|
|
Batting: RHB Dionisio DeJesus
|
0-0: DOUBLE (Line Drive, 89M, EV 101.9 MPH) Oscar Mejia to third
|
|
Batting: LHB Chuck Sandberg
|
0-0: Foul Ball, location: 2F 0-1: Foul Ball, location: 2F 0-2: Ball 1-2: Ball 2-2: Ground out U3 (Groundball, 34S, EV 80.6 MPH) Oscar Mejia scores Dionisio DeJesus to third
|
|
Batting: RHB Stewart Bringhurst
|
0-0: Foul Ball, location: 2F 0-1: Ball 1-1: Fly out, F4 (Popup, 3D, EV 56.3 MPH)
|
| Top of the 7th over - 1 run, 1 hit, 0 errors, 1 left on base; Quad Cities 2 - Wisconsin Rapids 4 |
| BOTTOM OF THE 7TH |
|
Wisconsin Rapids Timber Rattlers batting - Pitching for Quad Cities Angels : LHP Michael Tulacz
|
|
Batting: LHB Jeff Kenaga
|
0-0: Called Strike 0-1: Called Strike 0-2: Ball 1-2: Strikes out looking
|
|
Batting: LHB Jimmy Hickman
|
0-0: TRIPLE (Flyball, 9D, EV 90.6 MPH)
|
|
Batting: LHB Bruce Fournier
|
0-0: Ball Wild Pitch! Jimmy Hickman scores 1-0: Ground out 6-3 (Groundball, 6, EV 85.0 MPH)
|
|
Pitching: LHP Charles Redd
|
|
|
Batting: RHB Tom Howser
|
0-0: Foul Ball, location: 2F 0-1: Ball 1-1: Ball 2-1: Ball 3-1: Foul Ball, location: 2F 3-2: Foul Ball, location: 2F 3-2: Foul Ball, location: 2F 3-2: Base on Balls
|
|
Batting: RHB Charles Stafford
|
0-0: Ball 1-0: Ball 2-0: Ball 3-0: Base on Balls Tom Howser to second
|
|
Batting: RHB Justin Andrews
|
0-0: Fly out, F9 (Flyball, 89D, EV 100.6 MPH)
|
| Bottom of the 7th over - 1 run, 1 hit, 0 errors, 2 left on base; Quad Cities 2 - Wisconsin Rapids 5 |
| TOP OF THE 8TH |
|
Quad Cities Angels batting - Pitching for Wisconsin Rapids Timber Rattlers : LHP Scott Bailes
|
|
Batting: LHB Matteo Allucingoli
|
0-0: Called Strike 0-1: Ball 1-1: Swinging Strike 1-2: Strikes out swinging
|
|
Batting: RHB Craig Walck
|
0-0: Swinging Strike 0-1: DOUBLE (Line Drive, 5D, EV 101.9 MPH)
|
|
Batting: RHB Carlos Rios
|
0-0: Ball 1-0: Ball 2-0: Called Strike 2-1: Ball 3-1: Called Strike 3-2: Foul Ball, location: 2F 3-2: DOUBLE (Flyball, 8RXD, EV 111.3 MPH) Craig Walck scores
|
|
Pitching: RHP Mark Williamson
|
|
|
Batting: RHB Lance Ediger
|
0-0: SINGLE (Line Drive, 34D, EV 101.9 MPH) Carlos Rios to third Runner from 3rd tries for Home, SAFE, throw by RF to home
|
|
Pinch Hitting: LHB Bob Helsom
|
0-0: Foul Ball, location: 2F 0-1: Ball 1-1: SINGLE (Groundball, 56D, EV 107.5 MPH) Lance Ediger to second
|
|
Batting: RHB Oscar Mejia
|
0-0: Ball 1-0: Ball 2-0: Bunted foul 2-1: Sac Bunt to 13 - play at first, batter OUT! 1-4 Lance Ediger to third Bob Helsom to second
|
|
Batting: RHB Dionisio DeJesus
|
0-0: Swinging Strike 0-1: Foul Ball, location: 2F 0-2: Foul Ball, location: 2F 0-2: Ball 1-2: Strikes out swinging
|
| Top of the 8th over - 2 runs, 4 hits, 0 errors, 2 left on base; Quad Cities 4 - Wisconsin Rapids 5 |
| BOTTOM OF THE 8TH |
|
Wisconsin Rapids Timber Rattlers batting - Pitching for Quad Cities Angels : LHP Charles Redd
|
|
Now in LF: Bob Helsom
|
|
|
Batting: RHB Mitchell Cipolla
|
0-0: Called Strike 0-1: Ball 1-1: Ball 2-1: Swinging Strike 2-2: SINGLE (Groundball, 56D, EV 99.4 MPH)
|
|
Batting: LHB Jerry George
|
0-0: Called Strike 0-1: Ball 1-1: Called Strike 1-2: Ball 2-2: SINGLE (Groundball, 34, EV 84.4 MPH) (infield hit) Mitchell Cipolla to second
|
|
Batting: LHB Greg Smith
|
0-0: Called Strike 0-1: Ball 1-1: Ball 2-1: Ball 3-1: Base on Balls Mitchell Cipolla to third Jerry George to second
|
|
Batting: LHB Jeff Kenaga
|
0-0: Grounds into double play, 1-2-3 (Groundball, 34S, EV 68.8 MPH) Jerry George to third Greg Smith to second
|
|
Batting: LHB Jimmy Hickman
|
0-0: Ball 1-0: Ball 2-0: Foul Ball, location: 2F 2-1: TRIPLE (Line Drive, 89XD, EV 100.6 MPH) Jerry George scores Greg Smith scores
|
|
Batting: LHB Bruce Fournier
|
0-0: Called Strike 0-1: Ball 1-1: Ball 2-1: Foul Ball, location: 2F 2-2: Ball 3-2: Fly out, F7 (Flyball, 7D, EV 101.9 MPH)
|
| Bottom of the 8th over - 2 runs, 3 hits, 0 errors, 1 left on base; Quad Cities 4 - Wisconsin Rapids 7 |
| TOP OF THE 9TH |
|
Quad Cities Angels batting - Pitching for Wisconsin Rapids Timber Rattlers : RHP Mark Williamson
|
|
Batting: LHB Chuck Sandberg
|
0-0: Ball 1-0: Ball 2-0: Ball 3-0: Base on Balls
|
|
Batting: RHB Stewart Bringhurst
|
0-0: Ball 1-0: Grounds into double play, 6-4-3 (Groundball, 6, EV 86.3 MPH)
|
|
Batting: LHB Matteo Allucingoli
|
0-0: Ball 1-0: DOUBLE (Line Drive, 9LD, EV 105.0 MPH)
|
|
Batting: RHB Craig Walck
|
0-0: Called Strike 0-1: Ball 1-1: Foul Ball, location: 2F 1-2: Ball 2-2: Foul Ball, location: 2F 2-2: Ball 3-2: Foul Ball, location: 2F 3-2: Foul Ball, location: 2F 3-2: SINGLE (Groundball, 4MD, EV 98.8 MPH) Matteo Allucingoli to third Matteo Allucingoli scores
|
|
Pinch Hitting: LHB Gary Bishop
|
0-0: Ball Wild Pitch! Craig Walck to second 1-0: Ball 2-0: Foul Ball, location: 2F 2-1: Ball 3-1: Base on Balls
|
|
Pinch Hitting: RHB Cecil Strawn
|
0-0: Called Strike 0-1: Foul Ball, location: 2F 0-2: Foul Ball, location: 2F 0-2: Foul Ball, location: 2F 0-2: Ball 1-2: Ball 2-2: Ball 3-2: Base on Balls Craig Walck to third Gary Bishop to second
|
|
Batting: LHB Bob Helsom
|
0-0: Ball 1-0: Called Strike 1-1: Called Strike 1-2: SINGLE (Flyball, 89S, EV 91.9 MPH) Craig Walck scores Gary Bishop to third Cecil Strawn to second Runner from 3rd tries for Home, SAFE, throw by RF to home
|
|
Batting: RHB Oscar Mejia
|
0-0: Fielders Choice at 2nd, 6-4 (Groundball, 6, EV 115.6 MPH)
|
| Top of the 9th over - 3 runs, 3 hits, 0 errors, 2 left on base; Quad Cities 7 - Wisconsin Rapids 7 |
| BOTTOM OF THE 9TH |
|
Wisconsin Rapids Timber Rattlers batting - Pitching for Quad Cities Angels : LHP Charles Redd
|
|
Now at 2B: James Poff
|
|
|
Now at 3B: Bradley Baker
|
|
|
Batting: RHB Tom Howser
|
0-0: Ball 1-0: Called Strike 1-1: Ball 2-1: Ball 3-1: Called Strike 3-2: Base on Balls
|
|
Batting: RHB Charles Stafford
|
0-0: Foul Ball, location: 2F 0-1: Ball 1-1: Swinging Strike Pickoff Throw by Catcher to First - Error! E2 Tom Howser to second 1-2: Ball 2-2: Ball 3-2: Intentional Walk
|
|
Pitching: RHP Gary Granke
|
|
|
Pinch Hitting: LHB Dion James
|
0-0: Foul Ball, location: 2F 0-1: Swinging Strike 0-2: Ball 1-2: Ball 2-2: Ball 3-2: Fly out, F6 (Popup, 56D, EV 51.9 MPH)
|
|
Pinch Hitting: RHB Tim Pyznarski
|
0-0: Foul Ball, location: 2F 0-1: Called Strike 0-2: Ball 1-2: Ball 2-2: Grounds into double play, 4-6-3 (Groundball, 34, EV 81.3 MPH)
|
| Bottom of the 9th over - 0 runs, 0 hits, 1 error, 1 left on base; Quad Cities 7 - Wisconsin Rapids 7 |
| TOP OF THE 10TH |
|
Quad Cities Angels batting - Pitching for Wisconsin Rapids Timber Rattlers : RHP Mark Williamson
|
|
Now at C: David Peterson
|
|
|
Now at SS: Alvaro Espinoza
|
|
|
Batting: RHB Dionisio DeJesus
|
0-0: Ball 1-0: Ball 2-0: Called Strike 2-1: Ball 3-1: DOUBLE (Groundball, 5L, EV 105.0 MPH)
|
|
Batting: LHB Chuck Sandberg
|
0-0: Intentional Walk
|
|
Batting: RHB Stewart Bringhurst
|
0-0: Ball 1-0: Fly out, F8 (Line Drive, 8RM, EV 96.9 MPH)
|
|
Batting: LHB Matteo Allucingoli
|
0-0: SINGLE (Groundball, 4MD, EV 106.9 MPH) Dionisio DeJesus to third Chuck Sandberg to second Runner from 3rd tries for Home, SAFE, throw by CF to home
|
|
Pitching: RHP Roger McDowell
|
|
|
Batting: RHB Craig Walck
|
0-0: Called Strike 0-1: Called Strike 0-2: Hit by Pitch Chuck Sandberg to third Matteo Allucingoli to second
|
|
Pinch Runner at 1st Brian Butera:
|
|
|
Batting: RHB Bradley Baker
|
0-0: Ball 1-0: Ball 2-0: Foul Ball, location: 2F 2-1: Foul Ball, location: 2F 2-2: Ball 3-2: SINGLE (Flyball, 89S, EV 86.9 MPH) Chuck Sandberg scores Matteo Allucingoli to third Brian Butera to second Runner from 3rd tries for Home, SAFE, throw by RF to home
|
|
Batting: RHB James Poff
|
0-0: Ball 1-0: Grounds into double play, 5-4-3 (Groundball, 56S, EV 91.9 MPH)
|
| Top of the 10th over - 3 runs, 3 hits, 0 errors, 1 left on base; Quad Cities 10 - Wisconsin Rapids 7 |
| BOTTOM OF THE 10TH |
|
Wisconsin Rapids Timber Rattlers batting - Pitching for Quad Cities Angels : RHP Gary Granke
|
|
Batting: LHB Jerry George
|
0-0: Ball 1-0: Ball 2-0: Called Strike 2-1: Foul Ball, location: 2F 2-2: Foul Ball, location: 2F 2-2: Strikes out looking
|
|
Batting: LHB Greg Smith
|
0-0: Called Strike 0-1: Ball 1-1: Ball 2-1: Called Strike 2-2: Fly out, F6 (Line Drive, 6, EV 73.1 MPH)
|
|
Batting: LHB Jeff Kenaga
|
0-0: Ball 1-0: Fly out, F8 (Flyball, 8LM, EV 88.1 MPH)
|
| Bottom of the 10th over - 0 runs, 0 hits, 0 errors, 0 left on base; Quad Cities 10 - Wisconsin Rapids 7 |
|